[Event "Titled Tuesday Blitz June 20 Early 2023"]
[White "Zallio, Luciano de Souza"]
[Black "Floresvillar Gonzalez, Luis Migu"]
[WhiteFideId "2109700"]
[BlackFideId "5100542"]
[WhiteElo "2057"]
[BlackElo "2040"]
[Result "0-1"]
[Round "11"]
[TimeControl "180+2"]
[Date "2023.06.20"]
[WhiteClock "0:00:16"]
[BlackClock "0:00:17"]
[Board "145"]

1. e4 c5 2. Nf3 Nc6 3. c3 e5 4. d4 cxd4 5. cxd4 Bb4+ 6. Nc3 exd4 7. Nxd4 Qe7 8. Qd3 Nf6 9. f3 d5 10. Qb5 Bxc3+ 11. bxc3 O-O 12. Nxc6 bxc6 13. Qxc6 Bd7 14. Qa6 dxe4 15. fxe4 Nxe4 16. Be2 Nxc3 17. O-O Nxe2+ 18. Kh1 Nxc1 19. Raxc1 Be6 20. Rce1 Rad8 21. a4 Rd6 22. Qe2 Rfd8 23. a5 a6 24. h3 Qc7 25. Qe5 R6d7 26. Qa1 h6 27. Rc1 Qd6 28. Qa4 Qd4 29. Qc6 Rd6 30. Qc7 R6d7 31. Qc6 Qd6 32. Qc3 Qd5 33. Rfe1 Rd6 34. Re5 Qd4 35. Qg3 Qd3 36. Re3 Qd2 37. Ra1 Qd4 38. Rae1 Qf6 39. Rf3 Qg6 40. Qf2 Bc4 41. Qa7 Bb5 42. Rfe3 R6d7 43. Qb6 Qxb6 44. axb6 Rb7 45. Re7 Rxb6 46. Rf1 Rf6 47. Rxf6 gxf6 48. Rc7 Rd6 49. Rb7 Kg7 50. Kh2 Kg6 51. Rb6 Rxb6 0-1


[Site "https://www.chess.com"]

[Event "Titled Tuesday Blitz June 20 Early 2023"]
[White "campochess"]
[Black "Alberto, Manuel"]
[BlackFideId "10100148"]
[WhiteElo "2176"]
[BlackElo "2166"]
[Result "0-1"]
[Round "11"]
[TimeControl "180+2"]
[Date "2023.06.20"]
[WhiteClock "0:00:19"]
[BlackClock "0:00:50"]
[Board "146"]

1. e4 c5 2. Na3 e6 3. c3 a6 4. Nf3 b5 5. Nc2 c4 6. d4 cxd3 7. Bxd3 Bb7 8. O-O d6 9. Re1 Nf6 10. a4 bxa4 11. Rxa4 Nbd7 12. Qe2 Nc5 13. Ra2 Nxd3 14. Qxd3 Be7 15. h3 O-O 16. Bf4 Qc7 17. e5 Nd5 18. Bg3 dxe5 19. Bxe5 Qb6 20. Nfd4 Rfd8 21. Qg3 Bf8 22. c4 f6 23. cxd5 fxe5 24. Nxe6 Rxd5 25. Ne3 Qxe6 26. Nxd5 Qxd5 27. Raa1 e4 28. Rad1 Qb5 29. Qg4 Re8 30. Rd7 Bc8 31. Red1 Bxd7 32. Rxd7 Qxb2 33. Qf5 Qb3 34. Rc7 Qe6 35. Qa5 e3 36. fxe3 Qxe3+ 37. Kh1 Qe1+ 38. Qxe1 Rxe1+ 39. Kh2 Bd6+ 0-1


[Site "https://www.chess.com"]

[Event "Titled Tuesday Blitz June 20 Early 2023"]
[White "Rodriguez, Santiago"]
[Black "Better_Chess_Faster"]
[WhiteFideId "3000591"]
[WhiteElo "2249"]
[BlackElo "2016"]
[Result "1-0"]
[Round "11"]
[TimeControl "180+2"]
[Date "2023.06.20"]
[WhiteClock "0:01:21"]
[BlackClock "0:00:00"]
[Board "147"]

1. d4 f5 2. e4 fxe4 3. Nc3 Nf6 4. g4 d5 5. g5 Bg4 6. Be2 Bxe2 7. Qxe2 Ng8 8. f3 e5 9. fxe4 exd4 10. Nxd5 c6 11. Nf4 Bb4+ 12. Kd1 Qxg5 13. Nf3 Qe7 14. Nxd4 Nd7 15. Nf5 Qe5 16. c3 O-O-O 17. cxb4 Ndf6+ 18. Kc2 Nxe4 19. Re1 Ngf6 20. Ng3 Rhe8 21. Nd3 Qd4 22. Nxe4 Rxe4 23. Qd2 Rxe1 24. Nxe1 Qe4+ 25. Nd3 Qc4+ 26. Qc3 Qh4 27. Bf4 Ne4 28. Qe5 Nd6 29. Qe6+ 1-0


[Site "https://www.chess.com"]

[Event "Titled Tuesday Blitz June 20 Early 2023"]
[White "Thiel, Thomas"]
[Black "le-castor-faineant"]
[WhiteFideId "4615964"]
[WhiteElo "2205"]
[BlackElo "2140"]
[Result "1/2-1/2"]
[Round "11"]
[TimeControl "180+2"]
[Date "2023.06.20"]
[WhiteClock "0:00:05"]
[BlackClock "0:01:25"]
[Board "148"]

1. e4 e5 2. Nf3 Nf6 3. Nxe5 d6 4. Nf3 Nxe4 5. d4 d5 6. Bd3 Bd6 7. O-O O-O 8. c4 c6 9. Nc3 Nxc3 10. bxc3 dxc4 11. Bxc4 Bg4 12. h3 Bh5 13. d5 cxd5 14. Qxd5 Bxf3 15. Qxf3 Nc6 16. Bb3 Qc7 17. Rd1 Rac8 18. Qd5 Be7 19. Qh5 Bf6 20. Be3 Bxc3 21. Rac1 Qe5 22. Qf3 Qf6 23. Qxf6 Bxf6 24. Rd7 b6 25. Rcd1 Rcd8 26. Rxd8 Rxd8 27. Rc1 Nd4 28. Bxd4 Bxd4 29. Rc7 Rf8 30. Rxa7 Bc5 31. Kf1 g6 32. Ke2 Kg7 33. Kd3 Bxf2 34. a4 b5 35. Rb7 bxa4 36. Bxa4 Kh6 37. Bb3 f5 38. Ke2 Bg3 39. Kf3 Be5 40. g3 Rc8 41. g4 Rc3+ 42. Ke2 fxg4 43. hxg4 Kg5 44. Bg8 h6 45. Bf7 Kxg4 46. Bxg6 Kg5 47. Rb5 Kf6 48. Rb6+ Kg5 49. Rb5 Kxg6 50. Rxe5 Rg3 51. Kf2 Rg4 52. Kf3 Rg5 53. Rxg5+ hxg5 54. Kg4 Kf6 55. Kg3 Kf5 56. Kf3 g4+ 57. Kg3 Kg5 58. Kg2 Kf4 59. Kf2 g3+ 60. Kg2 Kg4 61. Kg1 Kf3 62. Kf1 Ke3 63. Kg2 Kf4 64. Kg1 Kf5 65. Kf1 Kg5 66. Kg2 Kh4 67. Kg1 Kg4 68. Kg2 Kf4 69. Kg1 Kf3 70. Kf1 g2+ 71. Kg1 Kg3 1/2-1/2


[Site "https://www.chess.com"]

[Event "Titled Tuesday Blitz June 20 Early 2023"]
[White "Dzhaparov, Medet"]
[Black "Politov, Pavel Y."]
[WhiteFideId "13803689"]
[BlackFideId "24110515"]
[WhiteElo "1690"]
[BlackElo "2066"]
[Result "1-0"]
[Round "11"]
[TimeControl "180+2"]
[Date "2023.06.20"]
[WhiteClock "0:01:12"]
[BlackClock "0:00:09"]
[Board "149"]

1. e4 c5 2. Nf3 d6 3. d4 cxd4 4. Nxd4 Nf6 5. Nc3 a6 6. h3 e5 7. Nb3 Be7 8. g4 Be6 9. Bg2 h5 10. g5 Nfd7 11. h4 g6 12. Be3 Nc6 13. Qd2 Qc7 14. Nd5 Bxd5 15. exd5 Ncb8 16. f4 exf4 17. Bxf4 Nb6 18. O-O-O O-O 19. Be3 Nc4 20. Qd3 Nxe3 21. Qxe3 b5 22. Nd4 Bd8 23. Rhf1 Qd7 24. Qc3 Bb6 25. Ne6 fxe6 26. Rxf8+ Kxf8 27. dxe6 Qxe6 28. Qh8+ Ke7 29. Bxa8 Qxa2 30. Qf6+ Ke8 31. Re1+ Kd7 32. Re7+ Kc8 33. Bb7+ Kd8 34. Qf8# 1-0


[Site "https://www.chess.com"]

[Event "Titled Tuesday Blitz June 20 Early 2023"]
[White "Lohani, Sujana"]
[Black "Vargas, Mauricio"]
[WhiteFideId "12311987"]
[BlackFideId "4404572"]
[WhiteElo "1718"]
[BlackElo "1986"]
[Result "1-0"]
[Round "11"]
[TimeControl "180+2"]
[Date "2023.06.20"]
[WhiteClock "0:00:52"]
[BlackClock "0:00:00"]
[Board "150"]

1. d4 d5 2. Nf3 c6 3. c4 e6 4. e3 Nf6 5. Nc3 Nbd7 6. Bd3 Bd6 7. O-O O-O 8. e4 dxe4 9. Nxe4 Bc7 10. Re1 Re8 11. Bg5 h6 12. Bh4 b6 13. Qe2 Bb7 14. Rad1 Rc8 15. Bb1 Bb8 16. Qd3 g5 17. Nfxg5 hxg5 18. Bxg5 Kg7 19. Qg3 Bxg3 20. hxg3 c5 21. Nd6 Qc7 22. dxc5 Nxc5 23. Rd4 e5 24. Nxe8+ Rxe8 25. Rh4 Qc6 26. f3 Rh8 27. Rxe5 Rxh4 28. gxh4 Nfd7 29. Re7 Ba6 30. b3 Qd6 31. Bf5 Qd1+ 32. Kh2 Qd6+ 33. Kh3 Nf6 34. Rxa7 Bb7 35. h5 Nxh5 36. Kg4 Nf6+ 37. Kh3 1-0